Cogmind - Beta 13 @@@ ROGUE MODE // 2024.05.26 @ 12:49:12 Player: saltine Result: Destroyed by G-47 Trooper with Particle Gun Performance ------------- Evolutions (3) 1500 Regions Visited (5) 1000 Robots Destroyed (11) 55 Value Destroyed (626) 626 Prototype IDs (1) 20 Alien Tech Used (0) 0 Bonus (307) 307 TOTAL SCORE: 3508 Bonus ------- Pacifist 200 High Alert Combat Kills 24 Follower Combat Kills 83 Cogmind --------- Core Integrity 0/700 Matter 101/300 Energy 50/100 System Corruption 4% Temperature Cool (9) Movement Core (200) Ox3 Location -7/Factory Parts ------- > --- POWER (1) -------- (None) > --- PROPULSION (3) --- (None) > --- UTILITY (7) ------ Actuator Array Actuator Array > --- WEAPON (2) ------- (None) > --- INVENTORY (5) ---- (None) Peak State ------------ > --- POWER ------------ (None) > --- PROPULSION ------- Aerolev Unit Gravmag System > --- UTILITY ---------- Cryofiber Web Cryofiber Web Heat Sink Advanced Visual Processing Unit Medium Reactive Plating > --- WEAPON ----------- Missile Launcher Great Maul > --- INVENTORY -------- Improved Light Armor Plating Relay Coupler [Hunter] [Rating: 28] Favorites ----------- Power Light Deuterium Engine Engine Light Deuterium Engine Power Core Nuclear Core Propulsion Flight Unit Hover Unit Gravmag System Flight Unit Flight Unit Utility Advanced Visual Processing Unit Device Cryofiber Web Processor Advanced Visual Processing Unit Protection Light Armor Plating Weapon Heavy Assault Cannon Ballistic Cannon Heavy Assault Cannon Launcher Missile Launcher Impact Weapon Great Maul Build | -11 -10 -10 -9 -8 -7 ------- Run | Yrd Mat Min Mat Mat Fac Slots Evolved 6 | . . . 2 2 2 Power . | . . . . . . Propulsion 1 | . . . 1 . . Utility 5 | . . . 1 2 2 Weapon . | . . . . . . Parts Attached 23 | . . 6 3 6 8 Power 2 | . . 1 . 1 . Engine 1 | . . 1 . . . Core 1 | . . . . 1 . Reactor . | . . . . . . Propulsion 5 | . . 2 1 . 2 Treads . | . . . . . . Leg . | . . . . . . Wheel . | . . . . . . Hover 2 | . . . . . 2 Flight 3 | . . 2 1 . . Utility 11 | . . 2 2 3 4 Device 6 | . . 1 1 2 2 Storage . | . . . . . . Processor 1 | . . 1 . . . Hackware . | . . . . . . Protection 4 | . . . 1 1 2 Artifact . | . . . . . . Weapon 5 | . . 1 . 2 2 Energy Gun . | . . . . . . Energy Cannon . | . . . . . . Ballistic Gun . | . . . . . . Ballistic Cannon 2 | . . 1 . 1 . Launcher 2 | . . . . 1 1 Special Weapon . | . . . . . . Impact Weapon 1 | . . . . . 1 Slashing Weapon . | . . . . . . Piercing Weapon . | . . . . . . Special Melee Weapon . | . . . . . . Unidentified Prototypes 1 | . . . . . 1 Parts Lost 15 | . . . . 6 9 Power 2 | . . . . 2 . Propulsion 5 | . . . . 2 3 Utility 6 | . . . . 1 5 Weapon 2 | . . . . 1 1 Highest Loss Streak 6 | . . . . 4 6 To Critical Strikes . | . . . . . . Average Slot Usage (%) 52 | . . 43 64 76 40 Engine 5 | . . 11 11 4 . Hover 1 | . . . . . 3 Flight 14 | . . 10 26 27 2 Device 9 | . . . 2 13 18 Processor 8 | . . 10 11 9 5 Protection 4 | . . . 2 13 4 Ballistic Cannon 6 | . . 10 11 7 . Launcher 1 | . . . . . 3 Naked Turns 86 | . 46 29 . . 11 Heaviest Build 33 | . . 17 21 24 33 Greatest Support 17 | 3 3 7 11 11 17 Greatest Overweight (x) 5 | . . 5 2 3 4 Average Overweight (x) 1 | . . 2 1 1 1 Largest Inventory Capacity 5 | 5 5 5 5 5 5 Average Capacity 5 | 5 5 5 5 5 5 Most Carried 5 | . . 5 3 5 4 Average Carried 1 | . . 1 2 2 1 Final Capacity 5 | 5 5 5 5 5 5 Final Carried 3 | . . 3 3 2 . Class Distribution -------------------- 75% | Mutant 24% | Scavenger-Mutant Dominant Class ---------------- Mutant | -10/Materials Mutant | -10/Mines Mutant | -9/Materials Scavenger-Mutant | -8/Materials Mutant | -7/Factory Resources | -11 -10 -10 -9 -8 -7 ----------- Run | Yrd Mat Min Mat Mat Fac Matter Collected 371 | . . 73 99 161 38 Remotely . | . . . . . . Salvage Created 374 | . . . 48 241 85 Parts 23 | . . . 6 14 3 Haulers Intercepted . | . . . . . . Recyclers Shooed . | . . . . . . Parts Field Recycled . | . . . . . . Retrieved Matter . | . . . . . . Parts Self-Destructed . | . . . . . . Prevented . | . . . . . . Kills | -11 -10 -10 -9 -8 -7 ------- Run | Yrd Mat Min Mat Mat Fac Combat Hostiles Destroyed 11 | . . . 1 8 2 Cannons 6 | . . . 1 5 . AOE 4 | . . . . 3 1 Classes Destroyed 5 | . . . 1 2 2 Swarmer 1 | . . . . 1 . Grunt 5 | . . . . 5 . Sentry 3 | . . . 1 2 . Hunter 1 | . . . . . 1 Heavy 1 | . . . . . 1 Best Kill Streak 3 | . . . 1 3 1 Combat Bots Only 3 | . . . 1 3 1 Max Kills in Single Turn 2 | . . . 1 2 1 Gunslinging . | . . . . . . Exploded 2 | . . . . 2 1 Melee . | . . . . . . Uniques/NPCs Destroyed . | . . . . . . Combat | -11 -10 -10 -9 -8 -7 -------- Run | Yrd Mat Min Mat Mat Fac Hostile Shots Fired 249 | . 31 . 8 84 126 Missed 84 | . 11 . 1 35 37 Damage Taken 2374 | . 186 32 99 604 1453 Core 1018 | . 186 32 . 88 712 Absorbed by Shields 19 | . . . . . 19 Ignored by Resistances 111 | . . . . . 111 Core Remaining (%) 74 | 100 . 12 100 84 . Volleys Fired 23 | . . . 5 15 3 Largest 1 | . . . 1 1 1 Hottest 60 | . . . 60 60 36 Shots Fired 23 | . . . 5 15 3 Gun . | . . . . . . Cannon 18 | . . . 5 13 . Launcher 5 | . . . . 2 3 Special . | . . . . . . Kinetic 18 | . . . 5 13 . Thermal . | . . . . . . Explosive 5 | . . . . 2 3 Electromagnetic . | . . . . . . Robot Hit Streak 8 | . . . 1 5 8 Robot Miss Streak 4 | . . . 4 1 . Penetration Max 1 | . . . . 1 . Secondary Targets . | . . . . . . Shots Hit Robots 20 | . . . 1 11 8 Core Hits 11 | . . . 1 8 2 Critical Kills . | . . . . . . Critical Parts Destroyed . | . . . . . . Critical Strikes 1 | . . . . 1 . Blast 1 | . . . . 1 . Melee Attacks 5 | . . . . . 5 Impact 5 | . . . . . 5 Slashing . | . . . . . . Piercing . | . . . . . . Sneak Attacks . | . . . . . . Combat Hostiles . | . . . . . . Follow-up Attacks . | . . . . . . Damage Inflicted 1017 | . . . 51 703 263 Guns . | . . . . . . Cannons 580 | . . . 51 529 . Explosions 307 | . . . . 174 133 Melee 129 | . . . . . 129 Ramming 1 | . . . . . 1 Kinetic 580 | . . . 51 529 . Thermal . | . . . . . . Explosive 307 | . . . . 174 133 Electromagnetic . | . . . . . . Impact 129 | . . . . . 129 Slashing . | . . . . . . Piercing . | . . . . . . Highest Corruption 4 | . . . . 1 4 Average Corruption 1 | . . . . 1 2 Corruption Purged . | . . . . . . Corruption Blocked . | . . . . . . Effects 1 | . . . . 1 . Data Loss (minor) 1 | . . . . 1 . Overload Shots . | . . . . . . Overflow Damage 13 | . . . . . 13 Projectiles . | . . . . . . Explosions . | . . . . . . Melee 13 | . . . . . 13 Knockbacks . | . . . . . . Impact . | . . . . . . Kinetic . | . . . . . . Secondary . | . . . . . . Self-Inflicted Damage . | . . . . . . Shots . | . . . . . . Rammed 1 | . . . . . 1 Targets Rammed 1 | . . . . . 1 Kicked . | . . . . . . Crushed . | . . . . . . Highest Temperature 50 | . . . 29 50 11 Average Temperature 18 | . . . 12 22 11 Received Heat Transfer 489 | . 48 . 27 252 162 Siege Activations . | . . . . . . Robots Corrupted . | . . . . . . Combat Hostiles . | . . . . . . Parts Fried 1 | . . . . . 1 Impact Corruptions 2 | . . . . . 2 Robots Melted . | . . . . . . Combat Hostiles . | . . . . . . Parts Melted . | . . . . . . Heat Transferred . | . . . . . . Parts Sabotaged . | . . . . . . Parts Stolen . | . . . . . . Parts Stripped . | . . . . . . Power Chain Reactions . | . . . . . . Alert | -11 -10 -10 -9 -8 -7 ------- Run | Yrd Mat Min Mat Mat Fac Peak Influence 462 | . 30 11 172 462 246 Initial 191 | . . 11 3 72 191 Average 136 | . 1 11 56 231 225 Maximum Alert Level 2 | . . . . 2 1 Low Security (%) 61 | 100 100 100 100 53 12 Level 1 32 | . . . . 15 87 Level 2 5 | . . . . 31 . Level 3 . | . . . . . . Level 4 . | . . . . . . Level 5 . | . . . . . . High Security . | . . . . . . Max Security . | . . . . . . Squads Dispatched 6 | . . . . 3 3 Investigation 1 | . . . . 1 . Extermination 1 | . . . . . 1 Reinforcement 3 | . . . . 1 2 Assault 1 | . . . . 1 . Garrison . | . . . . . . Intercept . | . . . . . . Searches Triggered . | . . . . . . Construction Impeded . | . . . . . . Haulers Reinforced . | . . . . . . Active Scanning Responses . | . . . . . . Cargo Convoy Interrupts . | . . . . . . Stealth | -11 -10 -10 -9 -8 -7 --------- Run | Yrd Mat Min Mat Mat Fac Distress Signals 2 | . . . 1 1 . Communications Jammed . | . . . . . . Distress Signals . | . . . . . . Times Spotted 38 | . 7 . 5 15 11 Peak Tracking Total 8 | . 8 . 5 8 6 Tactical Retreats 2 | . 1 . . . 1 Traps | -11 -10 -10 -9 -8 -7 ------- Run | Yrd Mat Min Mat Mat Fac Traps Triggered 4 | . . 1 1 . 2 Indirectly . | . . . . . . Trap Hack Attempts . | . . . . . . Triggered . | . . . . . . Disarmed . | . . . . . . Reprogrammed . | . . . . . . Reused . | . . . . . . Traps Extracted . | . . . . . . Installed . | . . . . . . Triggered . | . . . . . . Machines | -11 -10 -10 -9 -8 -7 ---------- Run | Yrd Mat Min Mat Mat Fac Machines Disabled 4 | . . . 1 2 1 Max in Single Turn 1 | . . . 1 1 1 Garrison Access 1 | . . . . 1 . Machines Repaired . | . . . . . . Machines Dismantled . | . . . . . . Machines Sabotaged . | . . . . . . Overloaded Fab Kills . | . . . . . . Hacking | -11 -10 -10 -9 -8 -7 --------- Run | Yrd Mat Min Mat Mat Fac Machines Accessed 8 | . 1 1 2 2 2 Terminals 5 | . 1 . 2 1 1 Fabricators 1 | . . . . . 1 Repair Stations . | . . . . . . Recycling Units . | . . . . . . Scanalyzers . | . . . . . . Garrison Access 1 | . . . . 1 . Total Hacks 17 | . 2 1 4 7 3 Successful 5 | . 1 1 . 1 2 Failed 12 | . 1 . 4 6 1 Catastrophic 2 | . . . 1 1 . Database Lockouts . | . . . . . . Manual 6 | . 2 . 4 . . Terminals 10 | . 2 . 4 3 1 Fabricators 2 | . . . . . 2 Repair Stations . | . . . . . . Recycling Units . | . . . . . . Scanalyzers . | . . . . . . Garrison Access 4 | . . . . 4 . Terminal Hacks 3 | . . 1 . 1 1 Open Door 1 | . . 1 . . . Open DSF 1 | . . . . . 1 Level Access Points 1 | . . . . 1 . Fabricator Hacks 1 | . . . . . 1 Build 1 | . . . . . 1 Repair Station Hacks . | . . . . . . Recycling Unit Hacks . | . . . . . . Scanalyzer . | . . . . . . Garrison Access Hacks . | . . . . . . Unauthorized Hacks 1 | . 1 . . . . Terminals 1 | . 1 . . . . Assimilate 1 | . 1 . . . . Fabricators . | . . . . . . Repair Stations . | . . . . . . Recycling Units . | . . . . . . Scanalyzers . | . . . . . . Garrison Access . | . . . . . . Data Cores Recovered . | . . . . . . Used . | . . . . . . Hacking Detections 6 | . 1 . 2 2 1 Full Trace Events 1 | . . . . 1 . Feedback Events 1 | . . . . 1 . Corruption 1 | . . . . 1 . Feedback Blocked . | . . . . . . Robot Schematics Acquired . | . . . . . . Robots Built . | . . . . . . Authchips . | . . . . . . Time . | . . . . . . Total Robot Build Rating . | . . . . . . Part Schematics Acquired . | . . . . . . Parts Built . | . . . . . . Authchips . | . . . . . . Time 134 | . . . . . 134 Total Part Build Rating . | . . . . . . Parts Repaired . | . . . . . . Time . | . . . . . . Parts Recycled . | . . . . . . Recycled Matter . | . . . . . . Retrieved Matter . | . . . . . . Retrieved Components . | . . . . . . Parts Scanalyzed . | . . . . . . Part Schematics Acquired . | . . . . . . Parts Damaged . | . . . . . . Bothacking | -11 -10 -10 -9 -8 -7 ------------ Run | Yrd Mat Min Mat Mat Fac Used RIF Installer . | . . . . . . Robots Hacked . | . . . . . . Non-combat . | . . . . . . Combat . | . . . . . . Robot Hacks Applied . | . . . . . . Relay Couplers Released 2 | . . . . 2 . Machine Destruction 2 | . . . . 2 . Fabnet Peak Effective % . | . . . . . . Robots Rewired . | . . . . . . Allies Hacked . | . . . . . . Hacks Repelled . | . . . . . . Allies | -11 -10 -10 -9 -8 -7 -------- Run | Yrd Mat Min Mat Mat Fac Total Allies 1 | . . 1 . . . Largest Group 1 | . . 1 1 . . Highest-Rated Group 31 | . . 31 31 . . Highest-Rated Ally 31 | . . 31 31 . . Total Orders . | . . . . . . Ally Attacks 16 | . . . 16 . . Total Damage 231 | . . . 231 . . Kills 3 | . . . 3 . . Allies Corrupted . | . . . . . . Allies Melted . | . . . . . . Intel | -11 -10 -10 -9 -8 -7 ------- Run | Yrd Mat Min Mat Mat Fac Robot Analysis Total . | . . . . . . Derelict Logs Recovered . | . . . . . . Drone Launches . | . . . . . . Drone Recoveries . | . . . . . . Exploration | -11 -10 -10 -9 -8 -7 ------------- Run | Yrd Mat Min Mat Mat Fac Turns Passed 1019 | 10 46 161 266 195 341 Spaces Moved 729 | 20 92 98 185 112 222 Core 233 | 20 92 44 . . 77 Treads . | . . . . . . Legs . | . . . . . . Wheels . | . . . . . . Hover 98 | . . . . . 98 Flight 398 | . . 54 185 112 47 Fastest Speed 32 | 50 50 50 98 32 50 Average Speed 118 | 50 50 148 126 127 127 Slowest Speed 280 | 50 50 235 154 280 250 Overloaded Moves . | . . . . . . Propulsion Burnouts . | . . . . . . Robots Hopped 1 | . . . . 1 . Cave-ins Triggered . | . . . . . . Exploration Rate (%) 18 | 4 22 38 21 21 7 Regions Visited 5 Branch Regions 1 Pre-discovered Areas . | . . . . . . Known Exits Taken 1 | . . . . 1 . Unknown Exits Taken 4 | 1 1 1 1 . . Scrap Searched 1 | . . 1 . . . Spaces Dug . | . . . . . . Terrain Destroyed 34 | . . . 3 21 10 Melee . | . . . . . . Projectile 6 | . . . 3 3 . AOE 28 | . . . . 18 10 Terrain Rammed . | . . . . . . Walls Destroyed . | . . . . . . Machines Disabled . | . . . . . . Actions | -11 -10 -10 -9 -8 -7 --------- Run | Yrd Mat Min Mat Mat Fac Total 841 | 19 91 113 210 141 267 Wait 29 | . . . 15 6 8 Move 722 | 19 91 97 184 109 222 Hop 1 | . . . . 1 . Pick Up 20 | . . 8 3 2 7 Fast Attach 3 | . . 2 . 1 . Attach 21 | . . 4 3 5 9 Detach 2 | . . . . 2 . Swap . | . . . . . . Drop 2 | . . 2 . . . Fire 23 | . . . 5 15 3 Melee 5 | . . . . . 5 Ram 1 | . . . . . 1 Kick . | . . . . . . Crush . | . . . . . . Escape Stasis 12 | . . . . . 12 Rewire . | . . . . . . Trap . | . . . . . . Miscellaneous . | . . . . . . Route ------- -11/Scrapyard -10/Materials -10/Mines -9/Materials -8/Materials (discovered 3 exits: *Fac x3) -7/Factory History --------- Turn | Location | Event 3 | -11/Scrapyard | Discovered new exit (range 15) 11 | -11/Scrapyard | Entered Materials 50 | -10/Materials | Discovered new exit (range 16) 51 | -10/Materials | Core integrity fell below 50% 57 | -10/Materials | Entered Mines 75 | -10/Mines | Met a Derelict who couldn't figure out how to use a Trap Extractor 79 | -10/Mines | Core integrity fell below 20% 197 | -10/Mines | Discovered new exit (range 9) 212 | -10/Mines | Escorted by a lone wolf Derelict 218 | -10/Mines | Entered Materials 218 | -9/Materials | Accompanied by 1 ally 218 | -9/Materials | Evolved 2 slots: Propulsion x1, Utility x1 307 | -9/Materials | Build established: Mutant 477 | -9/Materials | Discovered new exit (range 9) 484 | -9/Materials | Entered another Materials area 484 | -8/Materials | Evolved 2 slots: Utility x2 497 | -8/Materials | Identified exit to Factory 679 | -8/Materials | Entered Factory 679 | -7/Factory | Evolved 2 slots: Utility x2 708 | -7/Factory | Lost 4 parts (1p2n1w) 922 | -7/Factory | Lost 6 parts (2n3u1w) 996 | -7/Factory | Core integrity fell below 50% 1014 | -7/Factory | Core integrity fell below 20% 1020 | -7/Factory | Destroyed by G-47 Trooper with Particle Gun Last Messages --------------- 00946_ K-01 Serf cleans the Pressure Siphon. 00957_ Connecting with Fabricator... >>Build Building Impact Mace... ETC: 134 00970_ Slug penetrates Wall. 00973_ Penetrated by Slug. 00980_ Slug penetrates Wall. 00997_ Terminal disabled. 01001_ Imp. Light Armor Plating destroyed. 01001_ Terminal disabled. 01001_ Slammed into P-60 Hacker. 01005_ Slug penetrates Wall. 01008_ C-30 ARC bursts open, deploying its payload. 01008_ B-48 Gladiator unfolds itself. 01008_ G-47 Trooper unfolds itself. 01010_ Critical hit (Burn: +37). 01012_ Slug penetrates G-47 Trooper. 01016_ Slug penetrates P-60 Hacker. Map ----- +----------------------------------------------------+ | ?????????????????????????????????????????????????? | | ?????????????????????????????????????????????????? | | ?????????????????????????????????????????????????? | | ?????????????????????????????????????????????????? | | ?????????????????????????????????????????????????? | | ?????????????????????????????????????????????????? | | ?????????????????????????????????????????????????? | | ?????????????????????????????????????????????????? | | ?????????????????????????????????????????????????? | | ?????????????????????????????????????????????????? | | ?????????????????????????????????????????????????? | | ?????????????##########??????????????????????????? | | ?????????????# ? ??????????????????????????? | | ?????????????# ??????????????????????????? | | ?????????????# ?????????????????????????? | | ?????????????# ????????????????????????? | | ?????????????# """ """ #??????????????????????? | | ?????????????# """ """ #??????????????????????? | | ????#????????# """ """ #??????????????????????? | | ????# ??????# #??????????????????????? | | ????# ?????# "" """ """ #??????????????????????? | | ????# ?????# "T """ """ #??????????????????????? | | ????# ????# " """ """ #??????????????????????? | | ????# ???# #??????????????????????? | | ##### ##########b###########?????????????????? | | """" p @ #?????????????????? | | ?? ""F" #?????????????????? | | ????? """" hgg + "??????????????? | | ????? """" %g # "??????????????? | | ???"" """" #?????????????????? | | ###+###########?????????????????? | | """" """" """" #???????????????????????????????? | | ???"" """" """" #???????????????????????????????? | | ?"""" """"^"""" #???????????????????????????????? | | #???????????????????????????????? | | ???"" """" !! #???????????????????????????????? | | ????? """" ! #???????????????????????????????? | | ?"""" """" #???????????????????????????????? | | #???????????????????????????????? | | ?"""" """" =! #???????????????????????????????? | | ????? """" =! #???????????????????????????????? | | """" """" =! #???????????????????????????????? | | #???????????????????????????????? | | #???????????????????????????????? | | ############ #???????????????????????????????? | | ???????????# #???????????????????????????????? | | ???????????# #???????????????????????????????? | | ???????????# #???????????????????????????????? | | ???????????# #???????????????????????????????? | | ???????????+^ +???????????????????????????????? | +----------------------------------------------------+ Best States ------------- Heat Dissipation 41 Energy Generation 14 Energy Capacity 240 Matter Stores 215 Matter Capacity 300 Sight Range 20 Terrain Scan Density 10 Base Temperature (-) 100 Armor Coverage 300 Resistance: KI 30 Evasion (%) 54 Item Schematics ----------------- None Robot Schematics ------------------ None Fabricated ------------ Nothing Alien Tech Used ----------------- None Achievements -------------- True Hacker Challenges ------------ None Game ------ Seed PowerLauncherWings Manual? 0 Play Time 00:24:59 Cumulative 7.4 hours Start 2024.05.26 @ 12:15:47 End 2024.05.26 @ 12:49:12 Sessions 2 Manual Loads 0 Difficulty Rogue Special Mode None Game No. 15 Rogue 15 Adventurer 0 Explorer 0 Win Type - Total 0 Types 0/0/0/0/0/0/0/0/0 Lore% 4 Gallery% 16 Achievement% 12 Wizard Run 0 Options --------- Layout 1 ASCII 0 Keyboard 0 Movement Mouse Keybinds 0 Fullscreen 1 Font 24/Smallcaps Map View 50x35 Zoom Use 0% Tactical HUD 1 Map Filters NONE Filters NONE Steam 1 RUN: c802d1c6-e53a-4656-a413-c97d519c9e55